 Dungeon Crawl Stone Soup version 0.28-a0-1087-gf3fc490d9d (webtiles) character file.

Game seed: 7659475457423708151

46 lunkers the Gusty (level 3, -2/14 HPs)
             Began as a Felid Air Elementalist on Dec 11, 2021.
             Killed from afar by an orc wizard (9 damage)
             ... with a magic dart
             ... on level 3 of the Dungeon.
             The game lasted 00:04:48 (2300 turns).

lunkers the Gusty (Felid Air Elementalist)          Turns: 2300, Time: 00:04:48

Health: -2/14      AC:  1    Str:  4    XL:     3   Next: 46%
Magic:  0/8        EV: 32    Int: 24    God:
Gold:   94         SH:  0    Dex: 16    Spells: 0/7 levels left
                                        Lives:  0   Deaths: 1

rFire   + . .      SeeInvis +   (weapon unavailable)
rCold   . . .      Faith    .   (shield unavailable)
rNeg    . . .      Spirit   .   (armour unavailable)
rPois   .          Reflect  .   (helmet unavailable)
rElec   .          Harm     .   (cloak unavailable)
rCorr   .          Rampage  .   (gloves unavailable)
Will    .....                   (boots unavailable)
Stlth   ++........              c - amulet of the acrobat
HPRegen 0.04/turn               b - +6 ring of intelligence
MPRegen 0.11/turn               f - ring of protection from fire

@: acrobatic, quick
A: very small, claws 1, fangs 3, see invisible, speed 1, shaggy fur 1, stealthy
paws, no weapons or thrown items, no armour, multi-lived
a: no special abilities


You were on level 3 of the Dungeon.
You visited 1 branch of the dungeon, and saw 3 of its levels.

You collected 94 gold pieces.

Inventory:

Jewellery
 b - a +6 ring of intelligence (left paw)
 c - an amulet of the acrobat (around neck)
 f - a ring of protection from fire (right paw)
Scrolls
 a - a scroll of identify
 e - 3 scrolls of teleportation
 g - a scroll of blinking {unknown}
 h - a scroll of enchant armour {unknown}
Potions
 d - a potion of flight
 i - a potion of haste {unknown}


   Skills:
 - Level 2.6 Dodging
 - Level 2.6 Stealth
 + Level 2.7 Spellcasting
 - Level 0.8 Conjurations
 * Level 4.3 Air Magic


You couldn't memorise any spells.
You knew the following spells:

 Your Spells              Type           Power      Damage    Failure   Level
a - Shock                 Conj/Air       60%        1d6       3%          1
b - Static Discharge      Conj/Air       15%        N/A       6%          2
c - Airstrike             Air            12%        N/A       19%         4

Your spell library contained the following spells:

 Spells                   Type           Power      Damage    Failure   Level
 Swiftness                Air            24%        N/A       5%          3
 Freeze                   Ice            12%        1d4       11%         1


Dungeon Overview and Level Annotations

Branches:
Dungeon (3/15)

Altars:
Wu Jian

Shops:
D:2 :

Annotations:
D:3 Sigmund


Innate Abilities, Weirdness & Mutations

You have sharp claws.
You have razor-sharp teeth.
You have supernaturally acute eyesight. (SInv)
You cover ground quickly. (Speed+)
You are covered in fur. (AC +1)
Your paws help you pounce on unaware monsters.
You are incapable of wielding weapons or throwing items.
You cannot wear armour.
You gain extra lives every three experience levels.


Message History

Casting: Shock (safe; 3% risk of failure)
Confirm with . or Enter, or press ? or * to list all spells.
The zap hits the orc.
The orc is almost dead.
The zap misses the orc.
The zap hits the orc wizard.
The orc wizard is moderately wounded.
An orc comes into view. It is wielding a +0 war axe.
Casting: Shock (safe; 3% risk of failure)
Confirm with . or Enter, or press ? or * to list all spells.
The zap hits the orc.
You kill the orc!
The zap hits the orc.
The orc is severely wounded.
The zap hits the orc wizard.
The orc wizard is severely wounded.
* * * LOW MAGIC WARNING * * *
The orc wizard mumbles some strange words.
The orc wizard flickers and vanishes for a moment.
Casting: Shock (safe; 3% risk of failure)
Confirm with . or Enter, or press ? or * to list all spells.
The zap hits the orc.
You kill the orc!
The zap misses the orc wizard.
* * * LOW MAGIC WARNING * * *
The orc wizard casts a spell at you. The magic dart hits you!
Ouch! That really hurt!
* * * LOW HITPOINT WARNING * * *
Casting: Shock (safe; 3% risk of failure)
Confirm with . or Enter, or press ? or * to list all spells.
Aiming: Shock (safe; 3% risk of failure)
Press: ? - help, Shift-Dir - straight line, f - orc wizard
Aim: an orc wizard, wielding a +0 dagger and wearing a +0 robe (severely wounded, slightly transparent, 64% to hit)
The zap misses the orc wizard.
* * * LOW MAGIC WARNING * * *
Unknown command.
The orc wizard casts a spell at you. The magic dart hits you!
Ouch! That really hurt!
You die...

##.## #####.# #.# #.# .. #.#
#.# o# ##'## #.# )# #...## #.#
.# .....## #####.# o# #
......## ##.##..# )##.##
.......####...#.#######..^..##
.......'........@...)oo.......
.......####..(#.########....##
......## ##.##.# #.## ...[.##
####.# # #...## #.# ##+## #.#
#.# ##### #.# #.# #...######.#
##.###..........#


You could see an orc wizard (invisible) and an orc.

Vanquished Creatures
  A gnoll (D:1)
  4 adders
  3 orcs (D:3)
  2 ball pythons (D:2)
  3 endoplasms
  2 giant cockroaches
  11 goblins
  2 hobgoblins
  4 jackals (D:2)
  A quokka (D:2)
  3 bats
  3 kobolds
  A rat (D:3)
40 creatures vanquished.

Vanquished Creatures (others)
  2 fungi (D:2)
  A plant (D:2)
3 creatures vanquished.

Grand Total: 43 creatures vanquished

Notes
Turn   | Place    | Note
-------+----------+-------------------------------------------
     0 | D:1      | lunkers the Felid Air Elementalist began the quest for the
                  | Orb.
     0 | D:1      | Reached XP level 1. HP: 7/7 MP: 4/4
   237 | D:1      | Reached skill level 3 in Air Magic
   437 | D:1      | Reached XP level 2. HP: 11/11 MP: 0/6
   760 | D:2      | Found a faded altar of an unknown god.
   770 | D:2      | Got Plato's Incunabulum of Ice
   774 | D:2      | Learned a level 2 spell: Static Discharge
   784 | D:2      | Found an ornate altar of the Wu Jian Council.
   817 | D:2      | Reached XP level 3. HP: 14/14 MP: 3/7
  1032 | D:2      | Reached skill level 4 in Air Magic
  1341 | D:2      | Found Byrypiwo's Book Shop.
  1349 | D:2      | Reached XP level 4. HP: 18/18 MP: 5/8
  1477 | D:2      | Learned a level 4 spell: Airstrike
  2115 | D:3      | Noticed Sigmund
  2149 | D:3      | Killed from afar by Sigmund
  2150 | D:3      | Reached XP level 3. HP: -3/14 MP: 7/7
  2300 | D:3      | Killed from afar by an orc wizard

Illustrated notes

Levels and vault maps discovered:
D:1:      lemuel_arrival_funnel, layout_rooms
D:2:      layout_loops_ring, shapermc_ecumenical_altar_rom_forum, basic_altar,
          serial_shops, nicolae_shop_stone, minmay_goblin_outpost
D:3:      layout_loops_corners, uniq_sigmund

Skill      XL: |  1  2  3 |
---------------+----------+-----
Air Magic      | 3 4 |  4.3
Dodging        | |  2.6
Stealth        | |  2.6
Spellcasting   | |  2.7
Conjurations   | |  0.8

Action                   |  1- 3 |  4- 6 || total
-------------------------+-------+-------++-------
 Cast: Shock             |    73 |    23 ||    96
  Use: Scroll            |     4 |     1 ||     5
       Potion            |     1 |       ||     1
Armor: Skin              |     2 |       ||     2
Dodge: Dodged            |    17 |     6 ||    23

Table legend: (Time is in decaauts)
 A = Elapsed time spent in this place.
 B = Non-inter-level travel time spent in this place.
 C = Inter-level travel time spent in this place.
 D = Time resting spent in this place.
 E = Time spent auto-exploring this place.
 F = Levels seen in this place.
 G = Mean time per level.
                   A        B        C        D        E       F      G
               +--------+--------+--------+--------+--------+-----+--------+
         Total |   2019 |   1989 |     30 |    189 |   1459 |   3 |  673.0 |
       Dungeon |   2019 |   1989 |     30 |    189 |   1459 |   3 |  673.0 |
               +--------+--------+--------+--------+--------+-----+--------+

Top non-repeatable levels by time:
     D:2: 1040 daAuts
     D:1: 607 daAuts
     D:3: 370 daAuts
